 Dungeon Crawl Stone Soup version 0.30-a0-782-ge64f9170bb (webtiles) character file.

Game seed: 4543350479043007291

178 epen the Grasshopper (level 5, -3/43 HPs)
             Began as a Gnoll Warper on Feb 24, 2023.
             Was an Initiate of Cheibriados.
             Slain by a gnoll
             ... wielding a +0 spear
             ... led by a gnoll bouda
              (8 damage)
             ... on level 4 of the Dungeon.
             The game lasted 00:04:27 (3199 turns).

epen the Grasshopper (Gnoll Warper)                 Turns: 3199, Time: 00:04:27

Health: -3/43      AC:  4    Str: 12    XL:     5   Next: 58%
Magic:  12/12      EV: 13    Int: 13    God:    Cheibriados [......]
Gold:   177        SH:  0    Dex: 14    Spells: 14/14 levels left

rFire   + . .      SeeInvis .    a - +1 falchion (flame)
rCold   . . .      Faith    .    (no shield)
rNeg    . . .      Spirit   .    b - +0 leather armour
rPois   .          Reflect  .    (no helmet)
rElec   .          Harm     .    (no cloak)
rCorr   .          Rampage  .    j - +0 pair of gloves
Will    .....                    (no boots)
Stlth   ++                       (no amulet)
HPRegen 0.27/turn                g - ring of protection from fire
MPRegen 0.13/turn                (no ring)

@: very slow
A: fangs 1, strong nose, distributed training
a: Renounce Religion


You were on level 4 of the Dungeon.
You worshipped Cheibriados.
Cheibriados was noncommittal.
You visited 2 branches of the dungeon, and saw 5 of its levels.

You collected 177 gold pieces.

Inventory:

Hand Weapons
 a - a +1 falchion of flaming (weapon)
Missiles
 d - 7 boomerangs of dispersal (quivered)
Armour
 b - a +0 leather armour (worn)
 j - a +0 pair of gloves (worn)
Jewellery
 g - a ring of protection from fire (left hand)
 o - a +5 ring of evasion
Wands
 n - a wand of digging (4)
Scrolls
 c - 3 scrolls of blinking
 k - 4 scrolls of identify
Potions
 e - a potion of heal wounds
 f - 2 potions of lignification {unknown}
 i - a potion of brilliance {unknown}
 l - a potion of attraction {unknown}
 m - 2 potions of haste {unknown}
 p - a potion of flight {unknown}


   Skills:
 + Level 4.8 Fighting
 + Level 1.6 Short Blades
 + Level 4.8 Long Blades
 + Level 1.6 Axes
 + Level 1.6 Maces & Flails
 + Level 1.6 Polearms
 + Level 1.6 Staves
 + Level 1.6 Ranged Weapons
 + Level 3.0 Throwing
 + Level 3.0 Armour
 + Level 4.8 Dodging
 + Level 1.6 Stealth
 + Level 1.6 Shields
 + Level 1.6 Unarmed Combat
 + Level 5.2 Spellcasting
 + Level 1.3 Conjurations
 + Level 1.3 Hexes
 + Level 1.3 Summonings
 + Level 1.3 Necromancy
 + Level 5.6 Translocations
 + Level 1.3 Transmutations
 + Level 1.3 Fire Magic
 + Level 1.3 Ice Magic
 + Level 1.3 Air Magic
 + Level 1.3 Earth Magic
 + Level 1.3 Poison Magic
 + Level 1.8 Invocations
 + Level 1.6 Evocations


You had 14 spell levels left.
You didn't know any spells.
Your spell library contained the following spells:

 Spells                   Type           Power      Damage    Failure   Level
 Blink                    Tloc           34%        N/A       3%          2
 Lesser Beckoning         Tloc           34%        N/A       3%          2
 Teleport Other           Tloc           17%        N/A       7%          3
 Sting                    Tmut/Pois      24%        1d4       14%         1
 Vhi's Electric Charge    Tloc/Air       24%        N/A       17%         3
 Poisonous Vapours        Pois/Air       12%        N/A       21%         2
 Manifold Assault         Tloc           17%        N/A       24%         4
 Olgreb's Toxic Radiance  Pois           6%         N/A       80%         4


Dungeon Overview and Level Annotations

Branches:
Dungeon (4/15)             Temple (1/1) D:4

Altars:
Cheibriados
Okawaru
Trog
Xom

Shops:
D:1 :


Innate Abilities, Weirdness & Mutations

You have very sharp teeth.
Your uncanny sense of smell can sniff out nearby items.
Your experience applies equally to all skills.


Message History

The gnoll hits you from afar with a +0 halberd!
The gnoll barely misses you.
You are too injured to fight recklessly!
You see here a +0 dagger.
The gnoll misses you.
You barely miss the gnoll. The gnoll hits you with a +0 club!
* * * LOW HITPOINT WARNING * * *
You feel much better.
The gnoll is no longer moving quickly.
The gnoll barely misses you.
You closely miss the gnoll.
The gnoll is no longer moving quickly.
The gnoll barely misses you.
You completely miss the gnoll. The gnoll hits you with a +0 club.
You hit the gnoll. You burn the gnoll.
The gnoll is lightly wounded.
The gnoll hits you with a +0 club.
You hit the gnoll. You burn the gnoll.
The gnoll is heavily wounded.
The gnoll barely misses you.
You barely miss the gnoll.
The gnoll is heavily wounded.
The gnoll is no longer moving quickly.
The gnoll hits you with a +0 club.
You hit the gnoll. You burn the gnoll.
You kill the gnoll!
Cheibriados appreciates the change of pace.
You slash the ball python! You burn the ball python.
You kill the ball python!
Cheibriados thoroughly appreciates the change of pace.
You completely miss the gnoll. You bite the gnoll, but do no damage.
The gnoll hits you but does no damage.
You barely miss the gnoll. The gnoll hits you with a +0 flail!
The gnoll closely misses you.
You hit the gnoll. You burn the gnoll.
The gnoll is heavily wounded.
The gnoll hits you from afar with a +0 spear.
* * * LOW HITPOINT WARNING * * *
The gnoll hits you with a +0 flail.
* * * LOW HITPOINT WARNING * * *
The gnoll barely misses you.
The gnoll hits you from afar with a +0 spear!
You die...

# .#####. ... .......
... ....... .. ... ...
.......##.# #.# ###
.#..Sgg ..# #.# #
....g.g##.###.###### #
#g......##....
#g##.##.#..# #
#@##.##..#.## #.#
###.##........#....
#.....###.......#
#.#.....###.#..####.#
.............##...[..#
##.#....[#############
#.#.....# . ###.### #
#.#


You could see 4 gnolls.

Vanquished Creatures
  A gnoll bouda (D:4)
  An orc wizard (D:3)
  A gnoll (D:4)
  4 adders
  A worm (D:2)
  2 dart slugs
  5 orcs
  3 endoplasms
  5 giant cockroaches
  9 goblins
  3 hobgoblins
  4 jackals (D:2)
  5 kobolds
  A quokka (D:1)
  9 ball pythons
  8 bats
  3 frilled lizards
  4 rats
69 creatures vanquished.

Notes
Turn   | Place    | Note
-------+----------+-------------------------------------------
     0 | D:1      | epen the Gnoll Warper began the quest for the Orb.
     0 | D:1      | Reached XP level 1. HP: 20/20 MP: 6/6
   162 | D:1      | Reached XP level 2. HP: 22/26 MP: 7/7
   417 | D:1      | Found Yriasiz's Book Shoppe.
   548 | D:1      | Reached skill level 5 in Spellcasting
   548 | D:1      | Reached XP level 3. HP: 30/31 MP: 7/9
   754 | D:2      | Reached skill level 1 in Invocations
   861 | D:2      | Reached skill level 1 in Short Blades
   861 | D:2      | Reached skill level 1 in Axes
   861 | D:2      | Reached skill level 1 in Maces & Flails
   861 | D:2      | Reached skill level 1 in Polearms
   861 | D:2      | Reached skill level 1 in Staves
   861 | D:2      | Reached skill level 1 in Ranged Weapons
   861 | D:2      | Reached skill level 1 in Stealth
   861 | D:2      | Reached skill level 1 in Shields
   861 | D:2      | Reached skill level 1 in Unarmed Combat
   861 | D:2      | Reached skill level 1 in Evocations
   946 | D:2      | Reached XP level 4. HP: 35/38 MP: 11/11
  1667 | D:2      | Reached skill level 1 in Conjurations
  1667 | D:2      | Reached skill level 1 in Hexes
  1667 | D:2      | Reached skill level 1 in Summonings
  1667 | D:2      | Reached skill level 1 in Necromancy
  1667 | D:2      | Reached skill level 1 in Transmutations
  1667 | D:2      | Reached skill level 1 in Fire Magic
  1667 | D:2      | Reached skill level 1 in Ice Magic
  1667 | D:2      | Reached skill level 1 in Air Magic
  1667 | D:2      | Reached skill level 1 in Earth Magic
  1667 | D:2      | Reached skill level 1 in Poison Magic
  2226 | D:3      | Reached XP level 5. HP: 43/43 MP: 12/12
  2982 | D:4      | Found a staircase to the Ecumenical Temple.
  3002 | Temple   | Entered the Ecumenical Temple
  3011 | Temple   | Became a worshipper of Cheibriados the Contemplative
  3199 | D:4      | Slain by a gnoll

Illustrated notes

Levels and vault maps discovered:
D:1:      dpeg_arrival_central, layout_rooms, serial_shops,
          nicolae_shop_competitors_out_of_business
D:2:      layout_basic, minmay_tetromino_i4
D:3:      layout_basic, minmay_door_square, solitary_fountain,
          minmay_misc_feat_enclosed, minmay_misc_feat_ornament
D:4:      layout_loops_cross, minmay_temple_entry_purple_smoke
Temple:   eino_temple_scatter_basement

Skill      XL: |  1  2  3  4  5 |
---------------+----------------+-----
Spellcasting   | 5 |  5.2
Invocations    | 1 |  1.8
Short Blades   | 1 |  1.6
Axes           | 1 |  1.6
Maces & Flails | 1 |  1.6
Polearms       | 1 |  1.6
Staves         | 1 |  1.6
Ranged Weapons | 1 |  1.6
Stealth        | 1 |  1.6
Shields        | 1 |  1.6
Unarmed Combat | 1 |  1.6
Evocations     | 1 |  1.6
Conjurations   | 1 |  1.3
Hexes          | 1 |  1.3
Summonings     | 1 |  1.3
Necromancy     | 1 |  1.3
Transmutations | 1 |  1.3
Fire Magic     | 1 |  1.3
Ice Magic      | 1 |  1.3
Air Magic      | 1 |  1.3
Earth Magic    | 1 |  1.3
Poison Magic   | 1 |  1.3
Throwing       | 3 |  3.0
Armour         | 3 |  3.0
Fighting       | |  4.8
Long Blades    | |  4.8
Dodging        | |  4.8
Translocations | |  5.6

Action                     |  1- 3 |  4- 6 || total
---------------------------+-------+-------++-------
  Melee: Falchion          |   114 |   130 ||   244
         Bite              |     7 |     8 ||    15
         Punch             |     4 |     2 ||     6
    Use: Scroll            |       |     8 ||     8
         Potion            |       |     2 ||     2
   Stab: Sleeping          |     1 |     4 ||     5
         Distracted        |       |     1 ||     1
 Armour: Leather armour    |    39 |    27 ||    66
  Dodge: Dodged            |   105 |    80 ||   185

Table legend: (Time is in decaauts)
 A = Elapsed time spent in this place.
 B = Non-inter-level travel time spent in this place.
 C = Inter-level travel time spent in this place.
 D = Time resting spent in this place.
 E = Time spent auto-exploring this place.
 F = Levels seen in this place.
 G = Mean time per level.
                   A        B        C        D        E       F      G
               +--------+--------+--------+--------+--------+-----+--------+
         Total |   3224 |   3134 |     90 |    386 |   2160 |   5 |  644.8 |
       Dungeon |   3103 |   3013 |     90 |    286 |   2159 |   4 |  775.8 |
        Temple |    121 |    121 |      0 |    100 |      1 |   1 |  121.0 |
               +--------+--------+--------+--------+--------+-----+--------+

Top non-repeatable levels by time:
     D:2: 1170 daAuts
     D:3: 1042 daAuts
     D:1: 760 daAuts
     D:4: 129 daAuts
  Temple: 121 daAuts
